 Dungeon Crawl Stone Soup version 0.29.1-15-g9cfb28693d (webtiles) character file.

Game seed: 13853255558052877059

1288 Arctor the Digger (level 8, -1/44 HPs)
             Began as a Gargoyle Earth Elementalist on Feb 24, 2023.
             Slain by an ogre
             ... wielding a +0 giant spiked club
              (23 damage)
             ... on level 5 of the Dungeon.
             The game lasted 00:07:01 (5285 turns).

Arctor the Digger (Gargoyle Earth Elementalist)     Turns: 5285, Time: 00:07:01

Health: -1/44      AC:  7    Str: 12    XL:     8   Next: 55%
Magic:  0/15       EV: 17    Int: 24    God:
Gold:   282        SH:  0    Dex: 10    Spells: 6/16 levels left

rFire   . . .      SeeInvis .   s - staff of earth
rCold   . . .      Faith    .   (no shield)
rNeg    + . .      Spirit   .   a - +0 robe
rPois   ∞          Reflect  .   (no helmet)
rElec   +          Harm     .   (no cloak)
rCorr   .          Rampage  .   (no gloves)
Will    .....                   (no boots)
Stlth   +++.......              (no amulet)
HPRegen 0.14/turn               x - +4 ring of evasion
MPRegen 0.14/turn               y - +6 ring of intelligence

@: no status effects
A: sickness immunity, AC +5, negative energy resistance 1, electricity
resistance, torment resistance 1, petrification resistance
a: no special abilities


You were on level 5 of the Dungeon.
You visited 1 branch of the dungeon, and saw 5 of its levels.

You collected 282 gold pieces.

Inventory:

Missiles
 v - a throwing net
Armour
 a - a +0 robe (worn)
Magical Staves
 s - a staff of earth (weapon)
Jewellery
 h - a ring of wizardry
 x - a +4 ring of evasion (left hand)
 y - a +6 ring of intelligence (right hand)
Wands
 w - a wand of flame (19)
Scrolls
 c - a scroll of fear {unknown}
 d - 7 scrolls of teleportation {unknown}
 f - 5 scrolls of vulnerability {unknown}
 i - 8 scrolls of identify {unknown}
 j - a scroll of magic mapping {unknown}
 m - a scroll of poison {unknown}
 r - a scroll of acquirement {unknown}
 t - a scroll of amnesia {unknown}
 u - a scroll of fog {unknown}
Potions
 b - a potion of magic
 e - 3 potions of heal wounds
 g - a potion of flight {unknown}
 k - 2 potions of invisibility {unknown}
 l - 3 potions of might {unknown}
 n - 7 potions of curing {unknown}
 o - a potion of haste {unknown}
 p - a potion of brilliance {unknown}
 q - 3 potions of attraction {unknown}
 z - a potion of cancellation {unknown}


   Skills:
 + Level 2.1 Fighting
 + Level 2.0 Staves
 + Level 4.1 Dodging
 + Level 6.0 Stealth
 + Level 4.6 Spellcasting
 - Level 1.3 Transmutations
 + Level 6.6 Earth Magic


You had 6 spell levels left.
You knew the following spells:

 Your Spells              Type           Power      Damage    Failure   Level
a - Sandblast             Erth           100%       2d20      1%          1
b - Stone Arrow           Conj/Erth      64%        3d11      7%          3
c - Petrify               Tmut/Erth      37%        N/A       17%         4
d - Passwall              Tmut/Erth      30%        N/A       2%          2

Your spell library contained the following spells:

 Spells                   Type           Power      Damage    Failure   Level
 Magic Dart               Conj           20%        1d4       9%          1
 Searing Ray              Conj           10%        2d4       14%         2
 Dazzling Flash           Conj/Hex       10%        N/A       26%         3
 Fulminant Prism          Conj/Hex       2%         3d6       65%         4
 Agony                    Necr           5%         N/A       94%         5
 Silence                  Hex/Air        2%         N/A       94%         5


Dungeon Overview and Level Annotations

Branches:
Dungeon (5/15)
 Temple: D:4-7

Altars:
Dithmenos
Makhleb
Okawaru
Xom


Innate Abilities, Weirdness & Mutations

You are immune to sickness and miasma.
Your stone body is resilient. (AC +5)
You are immune to poison.
You resist negative energy. (rN+)
You are resistant to electric shocks. (rElec)
You are resistant to unholy torment.
You are immune to petrification.


Message History

Press: ? - help, Shift-Dir - straight line, f/p - orc wizard
Aim: an orc wizard, wielding a +0 dagger and wearing a +0 robe (moderately wounded, 82% to hit)
You feel a surge of power!
The blast of sand hits the orc wizard!
You kill the orc wizard!
The orc priest calls down the wrath of Beogh upon you.
You struggle to resist.
An orc comes into view. It is wielding a +0 whip.
Casting: Sandblast (safe; 1% risk of failure)
Confirm with . or Enter, or press ? or * to list all spells.
Aiming: Sandblast (safe; 1% risk of failure)
Press: ? - help, Shift-Dir - straight line, f - orc
Aim: an orc, wielding a +0 whip and quivering stones (85% to hit)
You feel a surge of power!
The blast of sand misses the orc.
The blast of sand hits the orc priest.
The orc priest is lightly wounded.
The orc hits you but does no damage.
Casting: Sandblast (safe; 1% risk of failure)
Confirm with . or Enter, or press ? or * to list all spells.
Aiming: Sandblast (safe; 1% risk of failure)
Press: ? - help, Shift-Dir - straight line, f/p - orc
Aim: an orc, wielding a +0 whip and quivering stones (85% to hit)
You feel a surge of power!
The blast of sand hits the orc!
You kill the orc!
The orc priest invokes the aid of Beogh against you.
Beogh smites you!
Okay, then.
Casting: Sandblast (safe; 1% risk of failure)
Confirm with . or Enter, or press ? or * to list all spells.
Aiming: Stone Arrow (dangerous; 7% risk of failure)
Press: ? - help, Shift-Dir - straight line, f - orc priest
Aim: an orc priest, wielding a +0 club and wearing a +0 leather armour (lightly wounded, 74% to hit)
You feel a surge of power!
The stone arrow hits the orc priest!!
You kill the orc priest!
Your Staves skill increases to level 2!
Your Stealth skill increases to level 6!
Items here: ! ( )))) [[[.
The ogre attacks as you move away!
The ogre hits you with a +0 giant spiked club!!
Ouch! That really hurt!
You die...

##.# ...#
. ##..#
.# ...#
.# #..#
.#..
..##.....
#....8.8.
#@#
#.###O#
#.....#
#####.#
#†# #.#
#######.#
........#
#######.#


You could see an ogre.

Vanquished Creatures
  Menkaure (D:5)
  A black bear (D:5)
  2 ogres
  2 necrophages (D:4)
  4 scorpions
  2 jellies
  A hound (D:5)
  2 orc priests
  A gnoll bouda (D:4)
  Terence (D:3)
  3 orc wizards
  9 gnolls
  7 adders
  An ufetubus (D:4)
  2 worms (D:2)
  3 dart slugs (D:1)
  11 orcs
  7 ball pythons
  14 endoplasms
  2 giant cockroaches
  4 goblins
  5 hobgoblins
  6 jackals
  10 kobolds
  6 quokkas
  5 bats
  4 frilled lizards
  3 rats
  2 butterflies (D:5)
121 creatures vanquished.

Notes
Turn   | Place    | Note
-------+----------+-------------------------------------------
     0 | D:1      | Arctor the Gargoyle Earth Elementalist began the quest for
                  | the Orb.
     0 | D:1      | Reached XP level 1. HP: 10/10 MP: 3/3
    60 | D:1      | Reached skill level 1 in Transmutations
    60 | D:1      | Reached XP level 2. HP: 13/15 MP: 1/5
   522 | D:1      | Reached XP level 3. HP: 18/19 MP: 1/6
  1336 | D:2      | Reached XP level 4. HP: 24/24 MP: 4/7
  1655 | D:2      | Learned a level 3 spell: Stone Arrow
  1941 | D:3      | Reached XP level 5. HP: 24/28 MP: 0/9
  2210 | D:3      | Learned a level 4 spell: Petrify
  2241 | D:3      | Found a shadowy altar of Dithmenos.
  2347 | D:3      | Noticed Terence
  2357 | D:3      | Killed Terence
  2634 | D:3      | Noticed an ogre
  2638 | D:3      | Killed an ogre
  2639 | D:3      | Reached skill level 5 in Earth Magic
  2639 | D:3      | Reached XP level 6. HP: 32/32 MP: 3/10
  3191 | D:3      | Learned a level 2 spell: Passwall
  3547 | D:4      | Reached XP level 7. HP: 36/36 MP: 10/12
  3608 | D:4      | Identified the +3 ring mail "Zorghoamy" {Fly}
  3918 | D:4      | Reached skill level 5 in Stealth
  4255 | D:4      | Found an iron altar of Okawaru.
  4801 | D:5      | Entered Level 5 of the Dungeon
  4825 | D:5      | Noticed Menkaure
  4853 | D:5      | Killed Menkaure
  4854 | D:5      | Reached XP level 8. HP: 28/42 MP: 1/14
  4956 | D:5      | Reached skill level 1 in Fighting
  4956 | D:5      | Reached skill level 1 in Staves
  5026 | D:5      | Found a shimmering altar of Xom.
  5030 | D:5      | Found a burning altar of Makhleb.
  5221 | D:5      | Identified the +9 trident of Satyriasis {vorpal, rCorr
                  | Int+3}
  5285 | D:5      | Slain by an ogre

Illustrated notes

Levels and vault maps discovered:
D:1:      matt_arrival_spirals, layout_loops_ring, amethyst_killhole
D:2:      minmay_kobold_bridge, layout_basic
D:3:      layout_basic, mainiacjoe_overflow_alcove_4, uniq_terence
D:4:      layout_loops_corners, mainiacjoe_overflow_chevrons,
          hangedman_minor_gate_pass
D:5:      wad_crossroads, layout_loops_corners,
          mainiacjoe_overflow_small_starburst, fedhas_altar_2, xom_teletrap_fun,
          hangedman_glass_garden, hangedman_decor_diamond_cutter, uniq_menkaure

Skill      XL: |  1  2  3  4  5  6  7  8 |
---------------+-------------------------+-----
Transmutations | 1 |  1.3
Earth Magic    | 4 5 6 |  6.6
Dodging        | 2 3 4 |  4.1
Stealth        | 3 4 5 6 |  6.0
Spellcasting   | 3 4 |  4.6
Fighting       | 2 |  2.1
Staves         | 2 |  2.0

Action                   |  1- 3 |  4- 6 |  7- 9 || total
-------------------------+-------+-------+-------++-------
Melee: Unarmed           |    22 |    22 |       ||    44
       Punch             |     1 |       |       ||     1
       Staff             |       |     1 |     9 ||    10
 Cast: Sandblast         |    45 |    73 |    56 ||   174
       Stone Arrow       |       |     9 |     8 ||    17
  Use: Potion            |       |       |     1 ||     1
 Stab: Sleeping          |     1 |       |     2 ||     3
Armor: Robe              |    21 |    16 |    18 ||    55
Dodge: Dodged            |    30 |    50 |    44 ||   124
